 Dungeon Crawl Stone Soup version 0.19.0-22-gd96e5fe (webtiles) character file.

135261 Monsterracer the Severer (level 16, -4/160 HPs)
             Began as a Minotaur Berserker on Nov 19, 2016.
             Was the Champion of Trog.
             Killed from afar by a bog body (25 damage)
             ... with a bolt of cold
             ... on level 4 of the Swamp.
             The game lasted 01:19:05 (25632 turns).

Monsterracer the Severer (Minotaur Berserker)      Turns: 25632, Time: 01:19:05

Health: -4/160     AC: 26    Str: 23    XL:     16   Next: 34%
Magic:  15/15      EV: 10    Int:  4    God:    Trog [******]
Gold:   1389       SH:  6    Dex: 16    Spells: 0 memorised, 15 levels left

rFire  + + .     SeeInvis .     T - +2 executioner's axe (elec)
rCold  . . .     Gourm    .     O - +2 plate armour {rF+}
rNeg   . . .     Faith    .     (shield currently unavailable)
rPois  +         Spirit   .     V - +1 hat
rElec  .         Reflect  +     K - +1 cloak {rF+}
rCorr  .         Harm     .     H - +2 pair of gloves {archery}
MR     +....     Rnd*Tele +     L - +0 pair of boots
Stlth  ..........               u - +6 amulet of reflection
                                v - ring of poison resistance
                                l - +5 ring of slaying

@: exhausted, about to teleport, grasped by roots, starving, slowed, very slow
A: retaliatory headbutt, horns 2, teleportitis 1
a: Berserk, Trog's Hand, Brothers in Arms, Burn Spellbooks, Renounce Religion
}: 1/15 runes: decaying


You were on level 4 of the Swamp.
You worshipped Trog.
Trog was exalted by your worship.
You were starving.

You visited 4 branches of the dungeon, and saw 24 of its levels.
You also visited: Sewer, Bailey and Volcano.

You collected 2627 gold pieces.
You spent 1238 gold pieces at shops.

Inventory:

Hand Weapons
 C - a +2 antimagic battleaxe
 D - a +5 battleaxe of freezing
 T - a +2 executioner's axe of electrocution (weapon)
Missiles
 I - 37 tomahawks of returning
 M - 24 tomahawks (quivered)
Armour
 B - the +1 leather armour of the Valley of Death {rElec rF- rC++ MR+}
   (You bought it in a shop on level 6 of the Dungeon)

   It makes you vulnerable to fire.
   It greatly protects you from cold.
   It insulates you from electricity.
   It affects your resistance to hostile enchantments.
 H - a +2 pair of gloves of archery (worn)
 K - a +1 cloak of fire resistance (worn)
 L - a +0 pair of boots (worn)
 O - a +2 plate armour of fire resistance (worn)
 P - a +0 chain mail of positive energy
 R - a +1 plate armour of poison resistance
 V - a +1 hat (worn)
Jewellery
 e - an uncursed ring of protection from magic
 l - a +5 ring of slaying (left hand)
 u - a +6 amulet of reflection (around neck)
 v - a ring of poison resistance (right hand)
 G - an uncursed ring of teleportation
 Q - an uncursed ring of see invisible
Wands
 b - a wand of heal wounds (7/9)
 o - a wand of hasting (9/9)
 y - a wand of hasting (1/9)
 E - a wand of paralysis (15/24)
 F - a wand of heal wounds (7/9)
Scrolls
 a - 3 scrolls of magic mapping
 d - 17 scrolls of identify
 f - 6 scrolls of fog
 h - 2 scrolls of blinking
 k - 15 scrolls of remove curse
 q - 5 scrolls of teleportation
 r - 3 scrolls of fear
 J - 2 scrolls of enchant armour
 N - a scroll of recharging
Potions
 g - 8 potions of agility
 p - 4 potions of haste
 t - a potion of might
 w - a potion of heal wounds
 z - 8 potions of curing
 A - 5 potions of flight
 S - a potion of beneficial mutation
 U - a potion of cancellation
Comestibles
 c - 9 bread rations
 j - 6 meat rations
 m - 10 slices of pizza
 s - 6 beef jerkies
 x - 3 fruits


   Skills:
 + Level 19.2 Fighting
 * Level 20.8 Axes
 + Level 13.3 Armour
 - Level 12.3 Dodging


You had 15 spell levels left.
You didn't know any spells.

Dungeon Overview and Level Annotations

Branches:
Dungeon (12/15)            Temple (0/1) D:4            Lair (6/6) D:9
  Swamp (4/4) Lair:4        Snake (0/4) Lair:2        Slime (0/5) Lair:6
    Orc (2/2) D:12            Elf (0/3) Orc:2

Altars:
Dithmenos
Elyvilon
Fedhas
Hepliaklqana
Okawaru
Qazlal
Uskayaw
Vehumet
Yredelemnul
The Shining One

Shops:
D:6 [   Orc:2 :[?%

Portals:
Pandemonium: Orc:2


Innate Abilities, Weirdness & Mutations

You reflexively headbutt those who attack you in melee.
You have a pair of horns on your head.
You are occasionally teleported next to monsters.


Message History

The swamp dragon tramples you but does no damage.
A swamp worm comes into view.
You chop the swamp dragon into pieces!!!
You kill the swamp dragon!
Trog accepts your kill.
You hit the shambling mangrove.
You hear a roar!
You hear an angry buzzing noise. x2
A root reaches out and grasps at passing movement.
The shambling mangrove hits you but does no damage.
A vampire mosquito comes into view.
As you read the scroll of teleportation, it crumbles to dust.
You feel strangely unstable.
The vampire mosquito moves out of view.
The swamp worm barely misses you.
The bog body gestures at you while chanting.
The bolt of cold misses you. The shambling mangrove hits you.
* * * LOW HITPOINT WARNING * * *
The swamp worm bites you but does no damage.
The bog body gestures at you while chanting.
The bolt of cold hits you!
You die... ♣♣..≈.♣ ♣ ♣♣... ♣♣§≈≈≈.♣♣♣ ≈.≈. ♣ ♣....♣≈.≈. ..w ≈ ♣♣.≈....≈≈. ♣§.♣≈ ♣≈.<.≈≈≈≈≈≈ ♣♣..≈♣ ♣♣..≈≈≈≈≈≈. ≈♣♣♣♣..≈≈♣♣♣♣ ♣≈PPPPPP≈≈.

≈≈≈.§≈≈§..!.♣♣♣.≈PPPPP≈≈.
♣≈≈≈≈.♣@w......≈DD≈PP≈.§
♣§≈≈≈)fnD.(≈≈≈.≈≈≈PP≈≈≈
♣♣♣♣♣.≈§†i.≈≈≈.DD≈PP≈≈.
♣.≈≈≈≈♣y..DF§DP≈≈≈♣
♣♣.≈[†♣..≈§§§.≈≈.≈♣
.≈♣♣♣≈≈≈≈§D§≈≈≈.♣♣
§.♣♣.≈≈≈kkDk≈§≈≈♣
≈♣♣♣.≈≈y..≈≈≈≈≈≈♣
.≈.♣♣≈.≈≈≈≈≈)≈≈≈≈.t)


You could see a shambling mangrove, a swamp dragon, a spriggan druid, a bog
body, 2 swamp worms and 2 vampire mosquitoes.

Vanquished Creatures
  A tentacled monstrosity (Swamp:2)
  2 thorn hunters
  Roxanne (Swamp:3)
  An orc warlord (Bailey)
  Snorg (Lair:5)
  A fire dragon (Lair:6)
  10 hydras
  Fannar (D:10)
  A catoblepas (Lair:5)
  The ghost of removeelyvilon the Nimble, a journeyman NaTm of Cheibriados (D:10)
  The ghost of removeelyvilon the Martial Artist, a journeyman DsTm of Cheibriados (D:12)
  Erica (D:10)
  4 alligators
  2 orc high priests (Orc:2)
  A hell knight (Volcano)
  Nergalle (D:10)
  A salamander mystic (Volcano)
  A spriggan druid (Swamp:3)
  An unseen horror (D:12)
  2 torturous demonspawn (Orc:2)
  7 swamp dragons
  A lindwurm (Lair:6)
  2 hill giants (D:10)
  A shambling mangrove (Swamp:2)
  Pikel (D:7)
  7 orc knights
  11 orc sorcerers (Orc:2)
  An ugly thing (D:11)
  4 salamanders (Volcano)
  24 elephants
  Maurice (D:9)
  3 rust devils
  Joseph (D:9)
  Psyche (D:9)
  12 black mambas
  13 spiny frogs
  4 orange demons
  5 molten gargoyles
  A gargoyle (D:12)
  A rime drake (Lair:6)
  5 komodo dragons
  An ice devil (Orc:2)
  The ghost of Monsterracer the Ruffian, an amateur TrMo (D:4)
  2 red devils
  3 trolls
  6 tyrant leeches
  7 polar bears (Lair:3)
  2 two-headed ogres
  6 hornets
  5 bog bodies
  4 dream sheep (Lair:5)
  Prince Ribbit (D:7)
  11 hippogriffs
  38 blink frogs
  15 slime creatures
  A shadow (Swamp:3)
  Sigmund (D:2)
  42 yaks
  4 hogs (D:8)
  2 spriggans
  4 wyverns
  A human (D:8)
  9 fire bats
  3 steam dragons
  5 basilisks
  A chaos spawn (Orc:2)
  8 vampire mosquitoes
  2 hungry ghosts
  A mottled dragon (D:11)
  18 swamp worms
  5 nagas (Lair:2)
  12 water moccasins
  6 porcupines
  5 hell hounds (Lair:6)
  2 sky beasts
  13 swamp drakes
  4 ice beasts
  2 slaves (D:7)
  9 black bears (Lair:3)
  A necrophage (D:6)
  33 orc warriors
  7 ogres
  6 centaurs
  13 crocodiles
  2 big kobolds (D:5)
  13 bullfrogs
  A gnoll sergeant (D:5)
  5 scorpions
  6 killer bees (D:10)
  A wight (D:12)
  6 howler monkeys
  2 electric eels (Lair:2)
  7 crimson imps
  3 quasits
  10 lava snakes
  28 orc priests
  Crazy Yiuf (D:2)
  3 hounds
  6 iron imps (D:11)
  20 orc wizards
  4 centaur skeletons
  3 iguanas
  Ijyb (D:2)
  7 worker ants
  A howler monkey zombie (D:6)
  A worker ant zombie (D:5)
  Robin (D:2)
  12 gnolls
  9 adders
  4 shadow imps
  7 oozes
  6 worms
  2 dart slugs
  6 leopard geckos
  68 orcs
  4 ball pythons
  10 giant cockroaches
  57 goblins
  29 hobgoblins
  10 jackals
  5 quokkas
  17 bats
  5 frilled lizards
  A jackal skeleton (D:4)
  14 kobolds
  4 rats
  A bush (D:3)
  7 fungi
  3 plants
876 creatures vanquished.

Vanquished Creatures (collateral kills)
  5 hydras
  An alligator (Swamp:3)
  2 spriggans (Swamp:2)
  3 swamp dragons (Swamp:4)
  2 hornets (Swamp:2)
  A tyrant leech (Swamp:3)
  A bog body (Swamp:4)
  4 swamp drakes (Swamp:4)
19 creatures vanquished.

Vanquished Creatures (others)
  A swamp dragon (Swamp:4)
  A spriggan (Swamp:2)
  An orc priest (Orc:1)
  A quokka (D:7)
  2 briar patches (Swamp:3)
  A fungus (Lair:5)
7 creatures vanquished.

Grand Total: 902 creatures vanquished

Notes
Turn   | Place    | Note
-------+----------+-------------------------------------------
     0 | D:1      | Monsterracer the Minotaur Berserker began the quest for the Orb.
     0 | D:1      | Reached XP level 1. HP: 19/19 MP: 0/0
   140 | D:1      | Reached skill level 4 in Axes
   141 | D:1      | Gained mutation: You are clumsy. (Dex -2) [potion of mutation]
   141 | D:1      | Gained mutation: You are dopey. (Int -2) [potion of mutation]
   141 | D:1      | Gained mutation: You are partially covered in slimy green scales. (AC +2) [potion of mutation]
   180 | D:1      | Reached XP level 2. HP: 23/26 MP: 1/1
   852 | D:2      | Noticed Robin
   856 | D:2      | Reached skill level 5 in Axes
   863 | D:2      | Reached XP level 3. HP: 31/31 MP: 2/2
   867 | D:2      | Killed Robin
   972 | D:2      | Found a runed door.
   976 | D:2      | Noticed Crazy Yiuf
   981 | D:2      | Killed Crazy Yiuf
   981 | D:2      | Reached skill level 6 in Axes
   981 | D:2      | Reached XP level 4. HP: 16/39 MP: 3/3
  1182 | D:2      | Noticed Ijyb
  1186 | D:2      | Killed Ijyb
  1477 | D:2      | Reached ** piety under Trog
  1612 | D:2      | Noticed Sigmund
  1621 | D:2      | Killed Sigmund
  1621 | D:2      | Reached skill level 8 in Axes
  1621 | D:2      | Reached XP level 5. HP: 41/45 MP: 4/4
  1842 | D:2      | Reached XP level 6. HP: 46/51 MP: 5/5
  2059 | D:3      | Gained mutation: You are occasionally teleported next to monsters. [potion of mutation]
  2059 | D:3      | Gained mutation: You possess an exceptional clarity of mind. [potion of mutation]
  2091 | D:3      | Found a stormy altar of Qazlal.
  2092 | D:3      | Noticed a water elemental
  2095 | D:3      | Noticed a fire elemental
  2095 | D:3      | Noticed an air elemental
  2407 | D:3      | Reached skill level 9 in Axes
  2585 | D:3      | Reached *** piety under Trog
  2961 | D:4      | Reached XP level 7. HP: 57/57 MP: 6/6
  2968 | D:4      | Found a radiant altar of Vehumet.
  2981 | D:4      | Reached skill level 10 in Axes
  3328 | D:4      | Found a staircase to the Ecumenical Temple.
  3330 | D:4      | Noticed Monsterracer's ghost (amateur TrMo)
  3345 | D:4      | Killed Monsterracer's ghost
  3345 | D:4      | Reached skill level 11 in Axes
  3592 | D:4      | Reached XP level 8. HP: 35/64 MP: 7/7
  3596 | D:5      | Entered Level 5 of the Dungeon
  3914 | D:5      | Reached **** piety under Trog
  3961 | D:5      | Reached skill level 12 in Axes
  4389 | D:5      | Found a hide-covered altar of Uskayaw.
  4421 | D:4      | Found a white marble altar of Elyvilon.
  4455 | D:5      | Found a blossoming altar of Fedhas.
  4846 | D:6      | Found a glowing drain.
  4854 | Sewer    | Entered a sewer
  4887 | Sewer    | Reached ***** piety under Trog
  5409 | D:6      | Found Qereigru's Antique Armour Shoppe.
  5418 | D:6      | Bought an encrusted leather armour for 224 gold pieces
  5428 | D:6      | Identified the +1 leather armour of the Valley of Death {rElec rF- rC++ MR+} (You bought it in a shop on level 6 of the Dungeon)
  5444 | D:6      | Reached skill level 5 in Fighting
  5575 | D:6      | Reached skill level 13 in Axes
  5575 | D:6      | Reached XP level 9. HP: 67/72 MP: 8/8
  5730 | D:6      | Found a hazy altar of Hepliaklqana.
  5740 | D:6      | Received a gift from Trog
  5949 | D:7      | Noticed Prince Ribbit
  5954 | D:7      | Killed Prince Ribbit
  5991 | D:7      | Paralysed by fainting for 12 turns
  6004 | D:7      | Reached skill level 5 in Armour
  6161 | D:7      | Found a flagged portal.
  6170 | Bailey   | Entered a bailey
  6175 | Bailey   | Noticed an orc warlord
  6257 | Bailey   | Noticed an orc knight
  6270 | Bailey   | Killed an orc knight
  6401 | Bailey   | Found a runed gate.
  6403 | Bailey   | Found a runed gate.
  6405 | Bailey   | Found a runed gate.
  6594 | Bailey   | Killed an orc warlord
  6594 | Bailey   | Reached skill level 14 in Axes
  6594 | Bailey   | Reached XP level 10. HP: 86/86 MP: 9/9
  6598 | Bailey   | Reached skill level 5 in Dodging
  6649 | Bailey   | Gained mutation: You have large cloven feet. [potion of beneficial mutation]
  6657 | Bailey   | Reached skill level 17 in Axes
  6657 | Bailey   | Reached XP level 11. HP: 87/91 MP: 10/10
  6922 | D:7      | Noticed Pikel
  6929 | D:7      | Killed Pikel
  7149 | D:7      | Found a shadowy altar of Dithmenos.
  8466 | D:9      | Noticed Psyche
  8471 | D:9      | Killed Psyche
  8514 | D:9      | Lost mutation: You are partially covered in slimy green scales. (AC +2) [potion of cure mutation]
  8514 | D:9      | Lost mutation: You are dopey. (Int -2) [potion of cure mutation]
  8514 | D:9      | Lost mutation: You are clumsy. (Dex -2) [potion of cure mutation]
  8514 | D:9      | Lost mutation: You possess an exceptional clarity of mind. [potion of cure mutation]
  8514 | D:9      | Lost mutation: You have large cloven feet. [potion of cure mutation]
  8639 | D:9      | Reached skill level 18 in Axes
  8729 | D:9      | Found a glowing golden altar of the Shining One.
  8803 | D:9      | Noticed Joseph
  8811 | D:9      | Killed Joseph
  8933 | D:9      | Found a staircase to the Lair.
  8943 | D:9      | Found an iron altar of Okawaru.
  9126 | D:9      | Noticed Maurice
  9133 | D:9      | Killed Maurice
  9189 | Lair:1   | Entered Level 1 of the Lair of Beasts
  9993 | Lair:1   | Reached XP level 12. HP: 98/102 MP: 11/11
 10128 | Lair:2   | Found a staircase to the Snake Pit.
 10176 | Lair:2   | Reached ****** piety under Trog
 10240 | Lair:2   | Noticed a six-headed hydra
 10582 | Lair:2   | Killed a six-headed hydra
 11309 | Lair:3   | Reached skill level 19 in Axes
 11519 | Lair:3   | Identified a scroll of acquirement
 11566 | Lair:3   | Reached skill level 10 in Fighting
 12545 | Lair:4   | Found a staircase to the Swamp.
 12642 | Lair:4   | Received a gift from Trog
 12667 | Lair:4   | Reached XP level 13. HP: 107/116 MP: 12/12
 12846 | Lair:4   | Reached skill level 20 in Axes
 13638 | Lair:4   | You fall through a shaft for 2 floors!
 13638 | Lair:6   | Entered Level 6 of the Lair of Beasts
 13639 | Lair:6   | Found a staircase to the Slime Pits.
 13648 | Lair:5   | Noticed Snorg
 13659 | Lair:5   | Killed Snorg
 13676 | Lair:5   | Reached skill level 10 in Dodging
 15195 | Lair:6   | Reached XP level 14. HP: 133/133 MP: 13/13
 15380 | Lair:6   | Received a gift from Trog
 15413 | Lair:6   | Reached skill level 15 in Fighting
 15643 | Lair:6   | Found a large runed door.
 15643 | Lair:6   | Found a large runed door.
 16949 | Lair:4   | Identified a +1 rod of ignition (14/14) (You found it on level 4 of the Lair of Beasts)
 17071 | D:10     | Entered Level 10 of the Dungeon
 17128 | D:10     | Noticed Nergalle
 17134 | D:10     | Killed Nergalle
 17254 | D:10     | Noticed removeelyvilon's ghost (journeyman NaTm)
 17265 | D:10     | Killed removeelyvilon's ghost
 17339 | D:10     | Noticed Fannar
 17363 | D:10     | Killed Fannar
 17374 | D:10     | Noticed Erica
 17383 | D:10     | Killed Erica
 17841 | D:10     | Received a gift from Trog
 18006 | D:11     | Found a basalt altar of Yredelemnul.
 18739 | D:12     | Noticed removeelyvilon's ghost (journeyman DsTm)
 18753 | D:12     | Killed removeelyvilon's ghost
 18794 | D:12     | Found a staircase to the Orcish Mines.
 19303 | Orc:1    | Entered Level 1 of the Orcish Mines
 19412 | Orc:1    | Found a dark tunnel.
 19434 | Volcano  | Entered a volcano
 19560 | Volcano  | Found a radiant altar of Vehumet.
 19568 | Volcano  | Received a gift from Trog
 20141 | Orc:2    | Entered Level 2 of the Orcish Mines
 20219 | Orc:2    | Reached XP level 15. HP: 146/147 MP: 14/14
 20468 | Orc:2    | Received a gift from Trog
 20627 | Orc:2    | Found Roikhuec's Magic Scroll Emporium.
 20628 | Orc:2    | Found Daeppud's Food Shoppe.
 20831 | Orc:2    | Found a staircase to the Elven Halls.
 20891 | Orc:1    | Received a gift from Trog
 21227 | Orc:2    | Found a one-way gate leading to the halls of Pandemonium.
 21227 | Orc:2    | Found Temu's Antique Armour Shop.
 21227 | Orc:2    | Found Dupyboec's Book Boutique.
 21231 | Orc:2    | Reached skill level 10 in Armour
 21339 | Orc:2    | Bought a glowing hat for 260 gold pieces
 21344 | Orc:2    | Bought a shiny plate armour for 754 gold pieces
 21836 | Swamp:1  | Entered Level 1 of the Swamp
 23472 | Swamp:2  | Found a runed door.
 23472 | Swamp:2  | Noticed a tentacled monstrosity
 23498 | Swamp:2  | Killed a tentacled monstrosity
 23810 | Swamp:3  | Received a gift from Trog
 24158 | Swamp:3  | Noticed Roxanne
 24177 | Swamp:3  | Killed Roxanne
 24178 | Swamp:3  | Identified Roxanne's Incunabulum of Clay (You took it off Roxanne on level 3 of the Swamp)
 24301 | Swamp:3  | Noticed a thorn hunter
 24321 | Swamp:3  | Killed a thorn hunter
 24359 | Swamp:3  | Reached XP level 16. HP: 22/159 MP: 15/15
 25116 | Swamp:4  | Entered Level 4 of the Swamp
 25317 | Swamp:4  | Got a decaying rune of Zot
 25319 | Swamp:4  | Noticed a thorn hunter
 25595 | Swamp:4  | Received a gift from Trog
 25596 | Swamp:4  | Killed a thorn hunter
 25632 | Swamp:4  | Killed from afar by a bog body

Skill      XL: |  1  2  3  4  5  6  7  8  9 10 11 12 13 14 15 16 |
---------------+-------------------------------------------------+-----
Axes           | 4 5 6 8 9 11 13 14 17 18 19 20 | 20.8
Fighting       | 5 7 9 11 14 17 18 19 | 19.2
Armour         | 4 6 7 9 12 13 | 13.3
Dodging        | 4 5 6 9 11 12 | 12.3

Action                   |  1- 3 |  4- 6 |  7- 9 | 10-12 | 13-15 | 16-18 || total
-------------------------+-------+-------+-------+-------+-------+-------++-------
Melee: Hand axe          |    63 |   135 |   242 |       |       |       ||   440
       Headbutt          |     4 |    38 |    44 |    53 |   193 |    19 ||   351
       Battleaxe         |       |       |    63 |   284 |   781 |       ||  1128
       Kick              |       |       |       |    13 |       |       ||    13
       Executioner's axe |       |       |       |       |    64 |    74 ||   138
Throw: Tomahawk          |       |       |       |       |     8 |       ||     8
Invok: Berserk           |     2 |     1 |     5 |     1 |    10 |     1 ||    20
       Burn Spellbooks   |       |       |       |     2 |     4 |       ||     6
       Brothers in Arms  |       |       |       |     1 |     4 |     2 ||     7
Evoke: Wand              |       |       |       |     2 |       |     1 ||     3
  Use: Potion            |     5 |     3 |     5 |     5 |     4 |     1 ||    23
       Scroll            |       |       |       |    22 |     4 |     5 ||    31
 Stab: Sleeping          |     1 |       |     2 |     6 |     2 |       ||    11
       Distracted        |       |       |       |     1 |     1 |       ||     2
       Petrified         |       |       |       |       |     1 |       ||     1
       Confused          |       |       |       |       |       |     1 ||     1
  Eat: Chunk             |     1 |     8 |    17 |    19 |    35 |     3 ||    83
       Fruit             |       |       |     1 |     2 |     6 |     1 ||    10
       Beef jerky        |       |       |       |       |     3 |       ||     3
       Bread ration      |       |       |       |       |     1 |       ||     1
Armor: Animal skin       |     3 |       |       |       |       |       ||     3
       Chain mail        |    27 |    41 |   101 |       |       |       ||   169
       Leather armour    |       |       |    45 |    52 |    68 |       ||   165
       Fire dragon scale |       |       |       |       |    55 |       ||    55
       Scale mail        |       |       |       |       |     9 |       ||     9
       Plate armour      |       |       |       |       |   109 |   125 ||   234
Dodge: Dodged            |    31 |    31 |   146 |   161 |   415 |   115 ||   899
Block: Other             |       |       |       |    46 |   161 |    43 ||   250
       Reflection        |       |       |       |       |     5 |       ||     5
